Map: [ESL] Hecate

Players

llllllllllll (sOs)

  • Race: Protoss Protoss
  • Spawn Location: 1:00

ShoWTimE - Winner!

  • Race: Protoss Protoss
  • Spawn Location: 7:00

Event: IEM Katowice 2024

VOD

Have the link to the VOD?

Description

Time

  • Played on: Dec. 5, 2023, 5:02 a.m.
  • Length: 8:46

All games in this series

Show
View Real Time Build Order
Export as new Build Order

llllllllllll Protoss 

Build Orders: Phoenix Opening 

Get SALT Encoding   

  12  0:00  Probe  
  13  0:12  Probe  
  14  0:17  Pylon  
  14  0:24  Probe (Chrono Boost)  
  15  0:36  Probe (Chrono Boost)  
  15  0:37  Gateway  
  16  0:43  Probe (Chrono Boost)  
  16  0:46  Assimilator  
  17  0:51  Probe  
  17  0:55  Assimilator  
  18  1:03  Probe (Chrono Boost)  
  19  1:08  Gateway  
  19  1:12  Probe (Chrono Boost)  
  19  1:17  Probe (Chrono Boost)  
  20  1:24  Cybernetics Core  
  21  1:29  Probe  
  22  1:35  Pylon  
  22  1:42  Probe  
  23  1:54  Probe  
  24  2:01  Stalker x2  
  24  2:03  Warp Gate  
  28  2:09  Pylon  
  28  2:13  Probe  
  29  2:25  Pylon  
  29  2:31  Sentry  
  31  2:40  Sentry  
  31  2:44  Nexus  
  33  2:50  Shield Battery  
  33  2:53  Probe  
  33  2:58  Sentry  
  36  3:01  Phoenix  
  36  3:06  Probe  
  36  3:07  Stalker  
  39  3:14  Pylon  
  39  3:29  Twilight Council  
  39  3:32  Shield Battery  
  37  3:40  Probe  
  38  3:52  Probe  
  38  3:55  Stalker x2  
  43  3:58  Probe (Chrono Boost)  
  42  4:04  Blink (Chrono Boost)  
  42  4:06  Probe (Chrono Boost)  
  39  4:10  Probe (Chrono Boost)  
  39  4:15  Probe (Chrono Boost)  
  39  4:16  Probe (Chrono Boost)  
  38  4:20  Probe (Chrono Boost)  
  39  4:24  Probe  
  39  4:26  Stalker  
  42  4:34  Stalker  
  42  4:36  Probe x2 (Chrono Boost)  
  46  4:47  Probe (Chrono Boost)  
  46  4:49  Probe (Chrono Boost)  
  46  4:50  Stalker  
  50  4:54  Probe  
  50  4:58  Probe  
  50  4:59  Pylon  
  52  5:01  Stalker  
  52  5:06  Probe  
  55  5:10  Probe  
  56  5:18  Probe  
  57  5:22  Probe  
  58  5:28  Nexus  
  58  5:32  Robotics Facility  
  58  5:35  Stalker x2  
  62  5:43  Pylon  
  62  5:47  Probe x2  
  62  5:49  Assimilator  
  64  5:55  Pylon  
  64  5:59  Stalker x2  
  64  6:03  Probe  
  64  6:04  Probe  
  70  6:14  Forge  
  70  6:15  Probe  
  70  6:16  Probe  
  72  6:20  Observer  
  73  6:28  Probe x2  
  75  6:38  Shield Battery  
  75  6:44  Stalker x2  
  73  6:47  Immortal (Chrono Boost)  
  73  6:50  Probe  
  73  6:51  Probe  
  77  7:03  Probe x2  
  79  7:10  Stalker x2  
  79  7:15  Probe x2  
  85  7:16  Probe  
  86  7:25  Immortal  
  86  7:27  Probe x2  
  92  7:31  Probe  
  91  7:39  Stalker x2, Probe x2  
  91  7:43  Probe  
  98  7:47  Gateway  
  98  7:49  Gateway  
  98  7:50  Gateway  
  98  7:51  Probe x2  
  98  7:53  Gateway  
  98  7:56  Gateway, Probe  
  98  7:57  Gateway  
  100  8:05  Observer, Pylon  
  101  8:06  Pylon  
  91  8:23  Stalker x2  
  91  8:25  Probe x2  
  91  8:26  Probe  
  74  8:43  Zealot  
Show
View Real Time Build Order
Export as new Build Order

ShoWTimE Protoss - Winner!

Build Orders: Oracle Opening 

Get SALT Encoding   

  12  0:00  Probe  
  13  0:12  Probe  
  14  0:17  Pylon  
  14  0:24  Probe (Chrono Boost)  
  15  0:36  Gateway  
  15  0:37  Probe (Chrono Boost)  
  16  0:44  Probe (Chrono Boost)  
  16  0:46  Assimilator  
  17  0:51  Probe  
  18  1:03  Probe (Chrono Boost)  
  19  1:04  Assimilator  
  19  1:08  Gateway  
  19  1:13  Probe (Chrono Boost)  
  19  1:18  Probe (Chrono Boost)  
  20  1:24  Cybernetics Core  
  21  1:29  Probe  
  22  1:36  Pylon  
  22  1:41  Probe  
  24  1:54  Probe  
  24  2:00  Adept x2  
  24  2:01  Warp Gate  
  28  2:07  Probe  
  29  2:10  Pylon  
  29  2:24  Stargate  
  29  2:31  Adept  
  29  2:33  Adept  
  33  2:42  Probe  
  34  2:49  Pylon  
  34  2:54  Probe  
  35  3:06  Oracle (Chrono Boost)  
  37  3:13  Probe  
  38  3:23  Nexus  
  38  3:27  Probe  
  39  3:38  Oracle (Chrono Boost)  
  39  3:40  Probe  
  43  3:48  Pylon  
  43  3:52  Probe  
  44  3:58  Twilight Council  
  44  4:04  Probe  
  41  4:16  Probe  
  42  4:18  Stalker  
  42  4:20  Stalker  
  44  4:26  Blink (Chrono Boost)  
  44  4:28  Probe  
  43  4:40  Shield Battery, Probe  
  43  4:41  Probe  
  45  4:52  Probe  
  46  4:53  Probe  
  46  4:54  Stalker  
  46  4:55  Stalker  
  51  5:04  Probe  
  51  5:05  Probe  
  51  5:06  Gateway  
  53  5:16  Probe  
  53  5:17  Probe  
  53  5:19  Stalker x2  
  59  5:28  Probe  
  59  5:32  Probe  
  59  5:34  Pylon  
  59  5:35  Assimilator  
  61  5:45  Stalker x2  
  61  5:49  Pylon  
  65  5:54  Gateway  
  65  5:59  Nexus  
  65  6:08  Stalker x2  
  68  6:11  Probe x2  
  70  6:20  Stalker  
  70  6:23  Probe x2  
  74  6:34  Stalker x2  
  74  6:35  Probe  
  74  6:36  Probe  
  76  6:48  Probe x2  
  76  6:50  Stalker x2  
  82  6:57  Forge  
  82  6:58  Stalker  
  82  7:00  Probe x2  
  86  7:02  Pylon  
  86  7:12  Stalker, Probe x2  
  86  7:13  Stalker x2  
  95  7:15  Probe  
  95  7:24  Probe x2  
  95  7:27  Stalker  
  95  7:28  Probe  
  95  7:29  Assimilator  
  100  7:36  Probe x2  
  102  7:37  Stalker x3  
  102  7:40  Probe  
  102  7:44  Pylon  
  109  8:02  Probe  
  109  8:03  Pylon  
  109  8:05  Shield Battery  
  110  8:07  Stalker x3  
  116  8:17  Pylon  
  106  8:20  Stalker  
  104  8:27  Probe  
  104  8:34  Nexus  
  103  8:36  Stalker x3, Pylon  
  103  8:42  Gateway  
  103  8:43  Gateway  

Tags
 
Add a new tag
Caveats
  • Supply blocks, unpowered buildings, or Contaminate may cause inaccurate times.
  • Supply counts are checked every 10 seconds.